 Dungeon Crawl Stone Soup version 0.21-a0-241-g2cbab09 (webtiles) character file.

163 Pippin the Chiller (level 5, -12/38 HPs)
             Began as a Mummy Wanderer on Sept 3, 2017.
             Shot with an arrow by a centaur warrior (22 damage)
             ... on level 2 of the Dungeon.
             The game lasted 00:12:12 (15724 turns).

Pippin the Chiller (Mummy Wanderer)                Turns: 15724, Time: 00:12:13

Health: -12/38     AC:  5    Str: 16    XL:     5   Next: 20%
Magic:  9/9        EV: 11    Int: 13    God:
Gold:   182        SH:  0    Dex: 10    Spells: 8/9 levels left

rFire    x . .     SeeInvis .   j - +3 quarterstaff (chaos)
rCold    + . .     Gourm    .   (shield currently unavailable)
rNeg     + + +     Faith    .   d - +0 robe
rPois    ∞         Spirit   .   (no helmet)
rElec    .         Reflect  .   m - +0 cloak
rCorr    .         Harm     .   l - +1 pair of gloves
MR       .....                  (no boots)
Stlth    +.........             (no amulet)
HPRegen  0.12/turn              (no ring)
MPRegen  0.11/turn              (no ring)

@: no status effects
A: no food or potions, fire vulnerability, cold resistance 1, negative energy
resistance 3, torment resistance, unbreathing
a: no special abilities


You were on level 2 of the Dungeon.
You were not hungry.

You visited 1 branch of the dungeon, and saw 2 of its levels.

You collected 182 gold pieces.

Inventory:

Hand Weapons
 f - a +0 whip
 j - a +3 quarterstaff of chaos (weapon)
Armour
 d - a +0 robe (worn)
 l - a +1 pair of gloves (worn)
 m - a +0 cloak (worn)
Wands
 e - a wand of flame (17/48)
Scrolls
 c - 2 scrolls of teleportation
 h - a scroll of fog {unknown}
 i - a scroll of amnesia
Books
 a - a book of Frost

   Spells                             Type                      Level
   a - Freeze                         Ice                          1
   b - Throw Frost                    Conjuration/Ice              2
   c - Ozocubu's Armour               Charms/Ice                   3
   d - Throw Icicle                   Conjuration/Ice              4
   e - Summon Ice Beast               Ice/Summoning                4
 b - the Volume of Earth

   Spells                             Type                      Level
   a - Sandblast                      Earth                        1
   b - Stone Arrow                    Conjuration/Earth            3


   Skills:
 - Level 2.0 Fighting
 - Level 1.5 Throwing
 - Level 1.0 Armour
 - Level 2.6 Spellcasting
   Level 1.0 Summonings
 + Level 4.5 Ice Magic


You had 8 spell levels left.
You knew the following spells:

 Your Spells              Type           Power        Failure   Level  Hunger
a - Freeze                Ice            ##..         3%          1    N/A

Dungeon Overview and Level Annotations

Branches:
Dungeon (2/15)

Altars:


Innate Abilities, Weirdness & Mutations

You do not eat or drink.
Your flesh is vulnerable to fire.
You are immune to poison.
Your flesh is cold resistant. (rC+)
You are immune to negative energy. (rN+++)
You are immune to unholy pain and torment.
You can survive without breathing.


Message History

Aim: an adder (severely wounded, slow)
You freeze the adder.
You kill the adder!
Unknown command.
Found a stone staircase leading up.
A centaur warrior comes into view.
The centaur warrior wields a shortbow.
The centaur warrior shoots an arrow.
The arrow hits you!
A centaur warrior is nearby!
A centaur warrior is nearby!
As you read the scroll of teleportation, it crumbles to dust.
You feel strangely unstable.
The centaur warrior shoots an arrow.
The arrow hits you!
* * * LOW HITPOINT WARNING * * *
The centaur warrior shoots an arrow.
The arrow completely misses you.
Unknown command.
Your surroundings seem slightly different.
The centaur warrior shoots an arrow.
The arrow hits you!!
Ouch! That really hurt!
You die...

*,*,,(,,,,..#..........
*,**##******#.*########
*,,,..* *<# #...
****#.* ##'## #.#. #.*
##...## #..# #*#.*
##.....## #..# ##.#.*
##....(..###...
##....###.........##...
#.....@.'.........'....
##......#..(......#....
##.......###§...##....
#....c.##.....####...
#.....##.....###.#...
*#....##.....###......
**....##......##.......
*....##....#..#........
*,,***............#....


You could see a centaur warrior.

Vanquished Creatures
  Crazy Yiuf (D:2)
  6 adders
  2 worms (D:2)
  2 dart slugs
  6 leopard geckos
  6 bats
  5 giant cockroaches
  4 goblins
  5 hobgoblins
  2 jackals (D:2)
  A quokka (D:2)
  2 ball pythons (D:1)
  5 frilled lizards
  17 kobolds
  5 rats
  A plant (D:2)
70 creatures vanquished.

Vanquished Creatures (others)
  2 plants (D:2)
2 creatures vanquished.

Grand Total: 72 creatures vanquished

Notes
Turn   | Place    | Note
-------+----------+-------------------------------------------
     0 | D:1      | Pippin the Mummy Wanderer began the quest for the Orb.
     0 | D:1      | Pippin set off with: a book of Frost, the Volume of Earth, a scroll of teleportation, a +0 robe, a +0 club
     0 | D:1      | Reached XP level 1. HP: 16/16 MP: 4/4
     0 | D:1      | Identified the Volume of Earth
     2 | D:1      | Learned a level 1 spell: Freeze
   279 | D:1      | Reached skill level 2 in Ice Magic
   407 | D:1      | Reached XP level 2. HP: 18/22 MP: 3/5
  5550 | D:1      | Reached skill level 3 in Ice Magic
  5550 | D:1      | Reached XP level 3. HP: 13/27 MP: 0/7
 10168 | D:1      | Noticed a flayed ghost
 10695 | D:2      | HP: 1/27 [worm (9)]
 11051 | D:2      | Reached XP level 4. HP: 33/33 MP: 6/8
 11795 | D:2      | Found a runed door.
 11930 | D:2      | Noticed Crazy Yiuf
 11936 | D:2      | Killed Crazy Yiuf
 11936 | D:2      | Reached skill level 4 in Ice Magic
 13128 | D:2      | Reached XP level 5. HP: 36/38 MP: 9/9
 15524 | D:2      | Noticed a water moccasin
 15525 | D:2      | Noticed a soldier ant
 15525 | D:2      | a water moccasin changed into a soldier ant
 15721 | D:2      | Noticed a centaur warrior
 15724 | D:2      | Shot with an arrow by a centaur warrior

Vault maps used:
D:1:      dpeg_arrival_radiant
D:2:      serial_bayou, serial_bayou_lagoon_a, serial_bayou_shore_b,
          serial_bayou_pond_a, serial_bayou_pond_c,
          minmay_misc_feat_secret_circle, nrook_mini_backslash,
          minmay_misc_feat_doors, minmay_vboxes, uniq_crazy_yiuf_cottage

Skill      XL: |  1  2  3  4 |
---------------+-------------+-----
Ice Magic      | 2 3 4 |  4.5
Fighting       | |  2.0
Throwing       | |  1.5
Armour         | |  1.0
Spellcasting   | |  2.6
Summonings     | |  1.0

Action                   |  1- 3 |  4- 6 || total
-------------------------+-------+-------++-------
Melee: Whip              |    28 |       ||    28
       Club              |     6 |       ||     6
       Hand axe          |    23 |    22 ||    45
       Quarterstaff      |       |    34 ||    34
 Cast: Freeze            |    52 |    45 ||    97
  Use: Scroll            |     1 |     5 ||     6
 Stab: Sleeping          |     1 |       ||     1
       Paralysed         |       |     1 ||     1
Armor: Robe              |    22 |    23 ||    45
Dodge: Dodged            |    67 |    48 ||   115

Table legend:
 A = Spawn XP
 B = Non-spawn XP
 C = Spawn XP percentage of total XP
 D = Spawn monster count
 E = Non-spawn monster count
 F = Spawn count percentage of total count
 G = Total turns spent on level
                    A         B        C        D         E        F      G
               +---------+---------+-------+---------+---------+-------+---------
         Total |     124 |     109 |  53.2 |      37 |      32 |  53.6 | 15724
               +---------+---------+-------+---------+---------+-------+---------
           D:1 |      47 |      19 |  71.2 |      14 |      12 |  53.8 | 10169
           D:2 |      77 |      90 |  46.1 |      23 |      20 |  53.5 |  5555
               +---------+---------+-------+---------+---------+-------+---------
